 Dungeon Crawl Stone Soup version 0.16-a0-328-gfd822c7 (webtiles) character file.

641 Ratboiler the Insei (level 7, -1/43 HPs)
             Began as an Octopode Transmuter on Sept 6, 2014.
             Was an Initiate of Gozag.
             Killed from afar by a white imp (9 damage)
             ... with a puff of frost
             ... summoned by Eustachio
             ... on Level 5 of the Dungeon.
             The game lasted 00:17:32 (5310 turns).

Ratboiler the Insei (Octopode Transmuter)           Turns: 5310, Time: 00:17:33

HP  -1/43        AC  2     Str  9      XL: 7   Next: 51%
MP   9/12        EV 20     Int 16      God: Gozag
Gold 269         SH  0     Dex 19      Spells:  3 memorised,  4 levels left

rFire  . . .     SeeInvis .       - Unarmed
rCold  . . .     Clarity  .     (shield currently unavailable)
rNeg   . . .     rCorr    .     (helmet currently unavailable)
rPois  x         rRot     .     (no amulet)
rElec  .         Spirit   .     p - cursed ring of sustain abilities
SustAb +         Warding  .     (no ring)
rMut   .         Stasis   .     (no ring)
Gourm  .                        (no ring)
MR     .....                    (no ring)
                                (no ring)
                                (no ring)
                                (no ring)

@: spider-form, not resistant to hostile enchantments, unstealthy
A: almost no armour, amphibious, 8 rings, (constrict 8), (camouflage 0),
(gelatinous body 0)
a: End Transformation, Potion Petition, Call Merchant, Bribe Branch, Renounce
Religion


You were on level 5 of the Dungeon.
You worshipped Gozag.
Gozag was noncommittal.
You were not hungry.
You were in spider-form.
You visited 2 branches of the dungeon, and saw 6 of its levels.

You collected 395 gold pieces.
You paid 126 gold pieces to Gozag.

Inventory:

Hand weapons
 b - a +0 blowgun
 o - a +3 short sword
Missiles
 g - 17 steel bolts
 n - 5 arrows
 r - 14 bolts of flame
 w - 2 javelins (quivered)
Comestibles
 a - a bread ration
 k - 3 meat rations
Scrolls
 f - a scroll of remove curse {unknown}
 h - 2 scrolls of recharging {unknown}
 i - 2 scrolls of fog
 l - 2 scrolls of noise {unknown}
 q - a scroll of identify
 s - a scroll of enchant weapon
 t - a scroll of teleportation {unknown}
 v - 2 scrolls of magic mapping {unknown}
Jewellery
 c - an uncursed ring of ice
 p - a cursed ring of sustain abilities (left front leg)
Potions
 e - a potion of cure mutation
Books
 d - a book of Changes

   Spells                             Type                      Level
   *Beastly Appendage                 Transmutation                1
   *Sticks to Snakes                  Transmutation                2
   *Spider Form                       Transmutation/Poison         3
   Ice Form                           Ice/Transmutation            4
   Blade Hands                        Transmutation                5
 j - a book of the Warp

   Spells                             Type                      Level
   Control Teleport                   Charms/Translocation         4
   Phase Shift                        Translocation                5
   Warp Weapon                        Charms/Translocation         5
   Dispersal                          Translocation                6
   Controlled Blink                   Translocation                7
   Disjunction                        Translocation                8


   Skills:
 - Level 1.0 Fighting
 - Level 2.0 Dodging
 * Level 7.6 Unarmed Combat
 - Level 2.0 Spellcasting
 - Level 4.2 Transmutations


You had 4 spell levels left.
You knew the following spells:

 Your Spells              Type           Power        Failure   Level  Hunger
a - Beastly Appendage     Trmt           ###...       14%         1    #......
b - Sticks to Snakes      Trmt           ###.......   21%         2    ###....
c - Spider Form           Trmt/Pois      #.........   50%         3    ####...


Dungeon Overview and Level Annotations

Branches:
Dungeon (5/15)             Temple (1/1) D:5

Altars:
Ashenzari
Dithmenos
Elyvilon
Gozag
Kikubaaqudgha
Makhleb
Nemelex Xobeh
Okawaru
Qazlal
Sif Muna
Trog
Yredelemnul
The Shining One

Shops:
D:4 (

Annotations:
D:5 Eustachio


Innate Abilities, Weirdness & Mutations

You cannot wear most types of armour.
You are amphibious.
You can wear up to eight rings at the same time.
((You can use your tentacles to constrict many enemies at once.))
((Your skin changes colour to match your surroundings (Stealth).))
((Your rubbery body absorbs attacks (AC +1).))


Message History

Drink which item? (? for menu, Esc to quit)
Okay, then.
Read which item? (? for menu, Esc to quit)
As you read the scroll of fear, it crumbles to dust.
You assume a fearsome visage.
Eustachio looks frightened!
The rat looks frightened!
The green rat looks frightened!
The rat looks frightened!
The iron imp is unaffected.
The white imp is unaffected.
The shadow imp is unaffected.
The white imp hits you.
* * * LOW HITPOINT WARNING * * *
The white imp freezes you.
* * * LOW HITPOINT WARNING * * *
You strike the helpless Eustachio from behind!
You bite Eustachio!
Eustachio looks even sicker.
Your attack snaps Eustachio out of his fear.
Eustachio is heavily wounded.
The white imp gestures at you. The puff of frost hits you!
You die...
Your body crumbles into a pile of gold.

#########
#....rrr####
#.....5....#
#..###r###.# #?.#
#@#
#########..###s###
#..........###55.+
###.####$.(..###.###
....####.###%# #.#
.......(.# #.# #+#
##.#####.# #.. ##.#
#.. .... #.#######
.... ##..... ##.##


You could see Eustachio (fleeing), an iron imp (unaware), a green rat (fleeing),
a white imp, a shadow imp and 3 rats.

Vanquished Creatures
  An ogre (D:5)
  2 giant frog zombies
  3 orc priests
  The ghost of casual the Shield-Bearer, a weakling VSFi (D:3)
  An iguana (D:3)
  2 worker ants (D:4)
  5 orc wizards
  3 adders
  3 giant mites
  A green rat (D:5)
  2 worms
  5 giant geckos
  21 orcs
  2 ball pythons
  12 bats
  12 goblins
  6 hobgoblins
  5 jackals
  11 kobolds
  A quokka (D:2)
  8 giant cockroaches
  4 giant newts
  A jackal zombie (D:5)
  8 rats
  A rat skeleton (D:4)
121 creatures vanquished.

Notes
Turn   | Place    | Note
--------------------------------------------------------------
     0 | D:1      | Ratboiler, the Octopode Transmuter, began the quest for the Orb.
     0 | D:1      | Reached XP level 1. HP: 13/13 MP: 3/3
     4 | D:1      | Found a shattered altar of Ashenzari.
   357 | D:1      | Reached XP level 2. HP: 18/18 MP: 2/4
   361 | D:1      | Learned a level 2 spell: Sticks to Snakes
   616 | D:1      | Reached skill level 4 in Unarmed Combat
   858 | D:2      | Reached XP level 3. HP: 23/23 MP: 4/6
  1034 | D:2      | Learned a level 3 spell: Spider Form
  1242 | D:2      | Found a sparkling altar of Nemelex Xobeh.
  1686 | D:3      | Found an iron altar of Okawaru.
  1770 | D:3      | Reached XP level 4. HP: 19/28 MP: 5/7
  1777 | D:3      | Noticed casual's ghost (weakling VSFi)
  1793 | D:3      | HP: 1/28 [casual's ghost (6)]
  1794 | D:3      | Killed casual's ghost
  1794 | D:3      | Reached XP level 5. HP: 1/33 MP: 0/9
  2348 | D:3      | Found a white marble altar of Elyvilon.
  2785 | D:3      | Reached skill level 5 in Unarmed Combat
  3062 | D:3      | Reached XP level 6. HP: 31/38 MP: 7/10
  3501 | D:4      | Found Walyrehary's Weapon Emporium.
  3589 | D:5      | Entered Level 5 of the Dungeon
  3615 | D:5      | Found a staircase to the Ecumenical Temple.
  3624 | Temple   | Entered the Ecumenical Temple
  3888 | Temple   | Became a worshipper of Gozag Ym Sagoz the Greedy
  3935 | D:5      | Reached skill level 6 in Unarmed Combat
  4246 | D:4      | Reached XP level 7. HP: 36/43 MP: 0/12
  4649 | D:4      | Reached skill level 7 in Unarmed Combat
  5166 | D:5      | Noticed Eustachio
  5281 | D:5      | Found a glowing golden altar of the Shining One.
  5310 | D:5      | Killed from afar by a white imp

Action                   |  1- 3 |  4- 6 |  7- 9 || total
-------------------------+-------+-------+-------++-------
Melee: Unarmed           |    96 |   150 |    69 ||   315
Throw: Javelin           |       |     2 |       ||     2
 Cast: Beastly Appendage |    15 |    10 |     1 ||    26
       Spider Form       |       |    13 |     7 ||    20
       Sticks to Snakes  |       |     5 |     2 ||     7
  Use: Potion            |       |     5 |       ||     5
       Scroll            |       |       |     6 ||     6
 Stab: Sleeping          |     3 |     1 |     1 ||     5
       Fleeing           |       |       |     1 ||     1
  Eat: Chunk             |     3 |     8 |       ||    11
       Bread ration      |       |     1 |     1 ||     2
       Pizza             |       |     1 |       ||     1
